Cogmind - Beta 13 *** ADVENTURER MODE // 2024.03.12 @ 16:36:05 Player: Todd Padre Result: Destroyed by Y-54 Guardian with Flak Gun Performance ------------- Evolutions (0) 0 Regions Visited (3) 600 Robots Destroyed (52) 260 Value Destroyed (1232) 1232 Prototype IDs (0) 0 Alien Tech Used (0) 0 Bonus (-109) -109 TOTAL SCORE: 1983 Bonus ------- Friendly Fire -109 Cogmind --------- Core Integrity 0/250 Matter 265/300 Energy 268/290 System Corruption 0% Temperature Warm (116) Movement Rolling (130) Ox2 Location -7/Recycling Parts ------- > --- POWER (1) -------- Improved Deuterium Engine > --- PROPULSION (2) --- Compact Wheel Compact Wheel > --- UTILITY (2) ------ Huge Storage Unit > --- WEAPON (2) ------- EM Shotgun Pulse Rifle > --- INVENTORY (25) --- EM Shotgun Peak State ------------ > --- POWER ------------ Improved Deuterium Engine > --- PROPULSION ------- Compact Wheel Compact Wheel > --- UTILITY ---------- Huge Storage Unit Hardened Medium Armor Plating > --- WEAPON ----------- Minigun Advanced Assault Cannon > --- INVENTORY -------- Pulse Rifle [Rating: 17] Favorites ----------- Power Ion Engine Engine Ion Engine Propulsion Improved Aluminum Leg Leg Improved Aluminum Leg Wheel Compact Wheel Utility Small Storage Unit Device Shield Generator Storage Small Storage Unit Processor Terrain Scan Processor Protection Hardened Medium Armor Plating Weapon Assault Rifle Energy Gun Medium Laser Energy Cannon Light EM Pulse Cannon Ballistic Gun Assault Rifle Ballistic Cannon Advanced Assault Cannon Launcher Grenade Launcher Special Weapon Multitool Special Melee Weapon Datajack Build | -11 -10 -10 -7 ------- Run | Yrd Mat Sub Rec Slots Evolved . | . . . . Power . | . . . . Propulsion . | . . . . Utility . | . . . . Weapon . | . . . . Parts Attached 42 | 7 17 5 13 Power 6 | 1 3 . 2 Engine 6 | 1 3 . 2 Core . | . . . . Reactor . | . . . . Propulsion 10 | 2 4 2 2 Treads . | . . . . Leg 4 | 2 2 . . Wheel 6 | . 2 2 2 Hover . | . . . . Flight . | . . . . Utility 12 | 2 6 1 3 Device 5 | 1 4 . . Storage 4 | 1 1 . 2 Processor 1 | . 1 . . Hackware . | . . . . Protection 2 | . . 1 1 Artifact . | . . . . Weapon 14 | 2 4 2 6 Energy Gun 5 | 1 . . 4 Energy Cannon 1 | . 1 . . Ballistic Gun 4 | 1 1 1 1 Ballistic Cannon 1 | . . . 1 Launcher 1 | . 1 . . Special Weapon 1 | . . 1 . Impact Weapon . | . . . . Slashing Weapon . | . . . . Piercing Weapon . | . . . . Special Melee Weapon 1 | . 1 . . Unidentified Prototypes . | . . . . Parts Lost 4 | . 1 . 3 Power 1 | . 1 . . Propulsion . | . . . . Utility 1 | . . . 1 Weapon 2 | . . . 2 Highest Loss Streak 3 | . 1 . 3 To Critical Strikes . | . . . . Average Slot Usage (%) 88 | . 91 65 97 Engine 11 | . 9 14 14 Leg 13 | . 22 . . Wheel 9 | . 2 8 28 Device 7 | . 13 . . Storage 11 | . 14 . 12 Protection 5 | . . 14 14 Energy Gun 4 | . 3 . 10 Energy Cannon 1 | . 2 . . Ballistic Gun 7 | . 7 4 10 Ballistic Cannon 1 | . . . 5 Launcher 5 | . 7 10 . Special Melee Weapon 6 | . 6 12 . Naked Turns . | . . . . Heaviest Build 107 | 13 31 31 107 Greatest Support 40 | 20 26 40 40 Greatest Overweight (x) 10 | 1 10 8 3 Average Overweight (x) . | . . 3 . Largest Inventory Capacity 25 | 8 15 15 25 Average Capacity 9 | 7 9 5 15 Most Carried 5 | 2 4 4 5 Average Carried 1 | . 1 2 1 Final Capacity 25 | 8 15 5 25 Final Carried 3 | . 1 3 1 Class Distribution -------------------- 92% | Mutant 7% | Subdweller-Mutant Dominant Class ---------------- Mutant | -10/Materials Mutant | -10/Subcaves Mutant | -7/Recycling Resources | -11 -10 -10 -7 ----------- Run | Yrd Mat Sub Rec Matter Collected 1170 | 303 447 170 250 Remotely 79 | . 79 . . Salvage Created 1537 | 227 800 47 463 Parts 106 | 21 59 4 22 Haulers Intercepted 1 | . 1 . . Recyclers Shooed 2 | 1 . . 1 Parts Field Recycled . | . . . . Retrieved Matter . | . . . . Parts Self-Destructed 6 | . . 6 . Prevented . | . . . . Kills | -11 -10 -10 -7 ------- Run | Yrd Mat Sub Rec Combat Hostiles Destroyed 34 | . 27 2 5 Guns 11 | . 8 1 2 Cannons 6 | . 3 . 3 AOE 17 | . 16 1 . Classes Destroyed 11 | 3 4 1 3 Worker 5 | 2 3 . . Tunneler 5 | 5 . . . Hauler 1 | . 1 . . Recycler 4 | 1 . . 3 Watcher 3 | . 3 . . Swarmer 7 | . 6 1 . Grunt 21 | . 21 . . Protector 1 | . . . 1 Sentry 3 | . . . 3 Demolisher 1 | . . . 1 Subdweller 1 | . . 1 . Best Kill Streak 9 | 3 9 1 3 Combat Bots Only 6 | . 6 1 2 Max Kills in Single Turn 3 | 1 3 1 2 Gunslinging . | . . . . Exploded 3 | . 3 1 . Melee . | . . . . Uniques/NPCs Destroyed . | . . . . Combat | -11 -10 -10 -7 -------- Run | Yrd Mat Sub Rec Hostile Shots Fired 226 | . 84 23 119 Missed 79 | . 28 12 39 Damage Taken 1335 | . 607 134 594 Core 250 | . 104 20 126 Absorbed by Shields 112 | . 112 . . Ignored by Resistances 448 | . 219 37 192 Regen/Repaired (Parts) 68 | . 68 . . Core Remaining (%) 100 | 100 . . . Volleys Fired 118 | 19 69 5 25 Largest 2 | 2 2 1 2 Hottest 111 | 70 76 30 111 Shots Fired 184 | 30 108 5 41 Gun 134 | 30 73 4 27 Cannon 21 | . 8 . 13 Launcher 28 | . 27 1 . Special 1 | . . . 1 Kinetic 90 | 11 43 4 32 Thermal 56 | 19 30 . 7 Explosive 28 | . 27 1 . Electromagnetic 10 | . 8 . 2 Robot Hit Streak 26 | 19 24 26 9 Robot Miss Streak 4 | 1 4 2 1 Penetration Max . | . . . . Secondary Targets 2 | . 2 . . Max Gunslinging Chain 1 | . 1 . . Shots Hit Robots 140 | 25 79 3 33 Core Hits 82 | 9 48 6 19 Critical Kills 1 | . . . 1 Critical Parts Destroyed . | . . . . Critical Strikes 4 | 1 . . 3 Burn 1 | 1 . . . Destroy 1 | . . . 1 Blast 2 | . . . 2 Melee Attacks 6 | . 6 . . Impact . | . . . . Slashing . | . . . . Piercing . | . . . . Sneak Attacks 6 | . 6 . . Combat Hostiles . | . . . . Follow-up Attacks . | . . . . Damage Inflicted 3703 | 317 2444 295 647 Guns 1191 | 317 551 28 295 Cannons 502 | . 155 . 347 Explosions 1993 | . 1726 267 . Melee . | . . . . Ramming 12 | . 12 . . Kinetic 984 | 106 302 28 548 Thermal 535 | 211 249 . 75 Explosive 1993 | . 1726 267 . Electromagnetic 179 | . 155 . 24 Impact . | . . . . Slashing . | . . . . Piercing . | . . . . Highest Corruption . | . . . . Average Corruption . | . . . . Corruption Purged . | . . . . Corruption Blocked . | . . . . Overload Shots . | . . . . Overflow Damage 28 | . 26 . 2 Projectiles 2 | . . . 2 Explosions 26 | . 26 . . Melee . | . . . . Knockbacks 1 | . . . 1 Impact . | . . . . Kinetic 1 | . . . 1 Secondary . | . . . . Self-Inflicted Damage 325 | . 319 6 . Shots 10 | . 9 1 . Rammed . | . . . . Targets Rammed 1 | . 1 . . Kicked 1 | . 1 . . Crushed . | . . . . Highest Temperature 327 | 50 81 . 327 Average Temperature 53 | 16 27 . 114 Received Heat Transfer 376 | . 154 60 162 Siege Activations . | . . . . Robots Corrupted . | . . . . Combat Hostiles . | . . . . Parts Fried . | . . . . Impact Corruptions . | . . . . Robots Melted . | . . . . Combat Hostiles . | . . . . Parts Melted 2 | . 1 1 . Heat Transferred 1606 | 703 740 . 163 Parts Sabotaged . | . . . . Parts Stolen . | . . . . Parts Stripped . | . . . . Power Chain Reactions . | . . . . Alert | -11 -10 -10 -7 ------- Run | Yrd Mat Sub Rec Peak Influence 240 | 40 240 . 240 Initial 193 | . 22 . 193 Average 103 | 20 91 . 160 Maximum Alert Level 1 | . 1 . 1 Low Security (%) 81 | 100 92 . 48 Level 1 18 | . 7 . 51 Level 2 . | . . . . Level 3 . | . . . . Level 4 . | . . . . Level 5 . | . . . . High Security . | . . . . Max Security . | . . . . Squads Dispatched 8 | . 8 . . Investigation 8 | . 8 . . Extermination . | . . . . Reinforcement . | . . . . Assault . | . . . . Garrison . | . . . . Intercept . | . . . . Searches Triggered . | . . . . Construction Impeded . | . . . . Haulers Reinforced . | . . . . Active Scanning Responses . | . . . . Cargo Convoy Interrupts . | . . . . Stealth | -11 -10 -10 -7 --------- Run | Yrd Mat Sub Rec Distress Signals . | . . . . Communications Jammed . | . . . . Distress Signals . | . . . . Times Spotted 78 | . 31 39 8 Peak Tracking Total 6 | . 4 6 3 Tactical Retreats 2 | . . 2 . Traps | -11 -10 -10 -7 ------- Run | Yrd Mat Sub Rec Traps Triggered 3 | . 3 . . Indirectly . | . . . . Trap Hack Attempts 1 | . 1 . . Triggered . | . . . . Disarmed . | . . . . Reprogrammed . | . . . . Reused . | . . . . Traps Extracted . | . . . . Installed . | . . . . Triggered . | . . . . Machines | -11 -10 -10 -7 ---------- Run | Yrd Mat Sub Rec Machines Disabled 3 | . 3 . . Max in Single Turn 2 | . 2 . . Machines Repaired . | . . . . Machines Dismantled . | . . . . Machines Sabotaged . | . . . . Overloaded Fab Kills . | . . . . Hacking | -11 -10 -10 -7 --------- Run | Yrd Mat Sub Rec Machines Accessed 14 | . 8 . 6 Terminals 7 | . 5 . 2 Fabricators . | . . . . Repair Stations 1 | . 1 . . Recycling Units 6 | . 2 . 4 Scanalyzers . | . . . . Garrison Access . | . . . . Total Hacks 52 | . 30 . 22 Successful 39 | . 23 . 16 Failed 12 | . 7 . 5 Catastrophic 1 | . 1 . . Database Lockouts 1 | . . . 1 Manual . | . . . . Terminals 24 | . 15 . 9 Fabricators . | . . . . Repair Stations 8 | . 8 . . Recycling Units 20 | . 7 . 13 Scanalyzers . | . . . . Garrison Access . | . . . . Terminal Hacks 13 | . 9 . 4 Record 7 | . 3 . 4 Emergency Access Points 1 | . 1 . . Alert Level 2 | . 2 . . Unreport Threat 1 | . 1 . . Maintenance Status 1 | . 1 . . Zone Layout 1 | . 1 . . Fabricator Hacks . | . . . . Repair Station Hacks 7 | . 7 . . Scan Component 4 | . 4 . . Repair 3 | . 3 . . Recycling Unit Hacks 19 | . 7 . 12 Recycle Component 5 | . 2 . 3 Process 5 | . 3 . 2 Report Inventory 6 | . 2 . 4 Retrieve Matter 2 | . . . 2 Retrieve Components 1 | . . . 1 Scanalyzer . | . . . . Garrison Access Hacks . | . . . . Unauthorized Hacks . | . . . . Terminals . | . . . . Fabricators . | . . . . Repair Stations . | . . . . Recycling Units . | . . . . Scanalyzers . | . . . . Garrison Access . | . . . . Data Cores Recovered . | . . . . Used . | . . . . Hacking Detections 11 | . 8 . 3 Full Trace Events 10 | . 8 . 2 Feedback Events . | . . . . Feedback Blocked . | . . . . Robot Schematics Acquired . | . . . . Robots Built . | . . . . Authchips . | . . . . Time . | . . . . Total Robot Build Rating . | . . . . Part Schematics Acquired . | . . . . Parts Built . | . . . . Authchips . | . . . . Time . | . . . . Total Part Build Rating . | . . . . Parts Repaired 3 | . 3 . . Time 84 | . 84 . . Parts Recycled 5 | . 2 . 3 Recycled Matter 192 | . 185 . 7 Retrieved Matter 7 | . . . 7 Retrieved Components 9 | . . . 9 Parts Scanalyzed . | . . . . Part Schematics Acquired . | . . . . Parts Damaged . | . . . . Bothacking | -11 -10 -10 -7 ------------ Run | Yrd Mat Sub Rec Used RIF Installer . | . . . . Robots Hacked 3 | . 3 . . Non-combat 3 | . 3 . . Combat . | . . . . Robot Hacks Applied 4 | . 4 . . parse_system 1 | . 1 . . no_distress 3 | . 3 . . Relay Couplers Released . | . . . . Fabnet Peak Effective % . | . . . . Robots Rewired . | . . . . Allies Hacked . | . . . . Hacks Repelled . | . . . . Allies | -11 -10 -10 -7 -------- Run | Yrd Mat Sub Rec Total Allies . | . . . . Largest Group . | . . . . Highest-Rated Group . | . . . . Highest-Rated Ally . | . . . . Total Orders . | . . . . Ally Attacks . | . . . . Total Damage . | . . . . Kills . | . . . . Allies Corrupted . | . . . . Allies Melted . | . . . . Intel | -11 -10 -10 -7 ------- Run | Yrd Mat Sub Rec Robot Analysis Total . | . . . . Derelict Logs Recovered . | . . . . Drone Launches . | . . . . Drone Recoveries . | . . . . Exploration | -11 -10 -10 -7 ------------- Run | Yrd Mat Sub Rec Turns Passed 3019 | 249 1611 493 666 Spaces Moved 1905 | 158 1066 196 485 Core 102 | 23 4 75 . Treads . | . . . . Legs 1045 | 135 910 . . Wheels 758 | . 152 121 485 Hover . | . . . . Flight . | . . . . Fastest Speed 50 | 50 95 95 110 Average Speed 131 | 111 121 239 117 Slowest Speed 550 | 120 550 450 145 Overloaded Moves . | . . . . Propulsion Burnouts . | . . . . Robots Hopped . | . . . . Cave-ins Triggered . | . . . . Exploration Rate (%) 41 | 7 85 12 60 Regions Visited 3 Branch Regions 2 Pre-discovered Areas . | . . . . Known Exits Taken . | . . . . Unknown Exits Taken 3 | 1 1 1 . Scrap Searched . | . . . . Spaces Dug . | . . . . Terrain Destroyed 144 | . 138 6 . Melee . | . . . . Projectile . | . . . . AOE 144 | . 138 6 . Terrain Rammed . | . . . . Walls Destroyed . | . . . . Machines Disabled . | . . . . Actions | -11 -10 -10 -7 --------- Run | Yrd Mat Sub Rec Total 2240 | 202 1275 216 547 Wait 95 | 10 85 . . Move 1902 | 157 1065 195 485 Hop . | . . . . Pick Up 43 | 8 18 4 13 Fast Attach . | . . . . Attach 38 | 7 15 4 12 Detach 7 | . 2 3 2 Swap 4 | . 2 1 1 Drop 24 | 1 11 3 9 Fire 118 | 19 69 5 25 Melee 6 | . 6 . . Ram . | . . . . Kick 1 | . 1 . . Crush . | . . . . Escape Stasis . | . . . . Rewire . | . . . . Trap 1 | . 1 . . Miscellaneous 1 | . . 1 . Route ------- -11/Scrapyard -10/Materials (discovered 5 exits: [*Mat x3] / [*Min] / [*Sub]) -10/Subcaves -7/Recycling History --------- Turn | Location | Event 4 | -11/Scrapyard | Discovered new exit (range 13) 250 | -11/Scrapyard | Entered Materials 308 | -10/Materials | Build established: Mutant 426 | -10/Materials | Discovered new exit (range 9) 755 | -10/Materials | Discovered new exit (range 12) 928 | -10/Materials | Repaired Assault Rifle 967 | -10/Materials | Discovered new exit (range 7) 1559 | -10/Materials | Discovered new exit (range 12) 1769 | -10/Materials | Repaired Ion Engine 1803 | -10/Materials | Repaired Shield Generator 1849 | -10/Materials | Discovered new exit (range 12) 1861 | -10/Materials | Entered Subcaves 2187 | -10/Subcaves | Ambushed by swarm of Subdwellers 2311 | -10/Subcaves | Discovered new exit (range 15) 2354 | -10/Subcaves | Entered Recycling 2359 | -7/Recycling | Found Scrap Engine 2405 | -7/Recycling | Core integrity fell below 50% 2939 | -7/Recycling | Core integrity fell below 20% 3020 | -7/Recycling | Destroyed by Y-54 Guardian with Flak Gun Last Messages --------------- >>Query(Authchip) Early [Fabricator] systems were more openly accessible, but rampant abuse by [Derelict] intruders made it necessary to introduce an authorization system to limit unauthorized use of resources. An authchip is now required to load schematics and initiate build orders, and the chips have been divided by schematic category to further limit the potential for abuse. Y-54 Guardian springs to life. Y-54 Guardian destroyed. Minigun destroyed. Adv. Assault Cannon destroyed. R-06 Scavenger collects Imp. Deuterium Engine. Acquired EM Shotgun. R-06 Scavenger collects Lgt. Treads. Acquired EM Shotgun. R-06 Scavenger collects Imp. Heat Sink. Hrd. Medium Armor Plating destroyed. Map ----- +----------------------------------------------------+ | ?????????????????????????# ! ## !!# | | ?????????????????????????# ## !!# | | ?????????????????????????# + | | ?????????????????????????# ! ##### | | ?????????????????????????# ] #???# | | ?????????????????????????# % =#???# | | ????????????????????????# #???## | | ????????????????????????#####################????? | | ?????????????????????????????????????????????????? | | ???????????????????????????????????#####?????????? | | ???????????????????????????????????# #?????????? | | ???????????????????????????????????# #?????????? | | ???????????????????????????????????# #?????????? | | ???????????#???????????????????????# #?????????? | | ??????????+ ?????????????????????# #???#####?? | | ??????????# ?????###+###???###### #???#"""#?? | | ??????????# ##### #####%## # #####"Y"### | | ??????????# "" %% % % | | ??????????+ T | | ??????????# % | | ???????????## ####### ###########+#########!!! | | ????????????????????## ##???????? ???????# !! | | ?????????????????????# ###?????? ??????#### | | ?????????????????????# #????? ????????? | | ?????????????????????# [[#???# ????????? | | ?????????????????????# r @[#???# """"" ???????? | | ?????????????? /r Y###???# """"" ??????? | | ???????????#! # %#?????# """"" ?????? | | ???????????# ??# % ?????# ?? ? ?????? | | ???????????# ?????# #?????# ??????? #????? | | ???????????? ????????# % #?????# ????????? #????? | | ?????????????????????# #?????#??????????? ?????? | | ?????????????????????# #???????????????????????? | | ????????????????????? #???????????????????????? | | ????????????????????? ???????????????????????? | | ???????????????????? #???????????????????????? | | ???????????????????? #???????????????????????? | | ??????????????????? ????????????????????????? | | ????????????????????? ????????????????????????? | | ?????????????????????????????????????????????????? | | ?????????????????????????????????????????????????? | | ?????????????????????????????????????????????????? | | ?????????????????????????????????????????????????? | | ?????????????????????????????????????????????????? | | ?????????????????????????????????????????????????? | | ?????????????????????????????????????????????????? | | ?????????????????????????????????????????????????? | | ?????????????????????????????????????????????????? | | ?????????????????????????????????????????????????? | | ?????????????????????????????????????????????????? | +----------------------------------------------------+ Best States ------------- Heat Dissipation 25 Energy Generation 16 Energy Capacity 290 Matter Stores 300 Matter Capacity 300 Sight Range 16 Terrain Scan Range 16 Terrain Scan Density 10 Armor Coverage 800 Resistance: KI 20 Resistance: TH 20 Resistance: EX 20 Resistance: EM 20 Resistance: I 20 Resistance: S 20 Resistance: P 20 Evasion (%) 55 Offensive Hacking 10 Item Schematics ----------------- None Robot Schematics ------------------ None Fabricated ------------ Nothing Alien Tech Used ----------------- None Achievements -------------- Let's See Who's Tougher Challenges ------------ None Game ------ Seed VortexSpreadRay Manual? 0 Play Time 00:43:14 Cumulative 6.5 hours Start 2024.03.12 @ 15:51:06 End 2024.03.12 @ 16:36:05 Sessions 1 Manual Loads 0 Difficulty Adventurer Special Mode None Game No. 5 Rogue 0 Adventurer 5 Explorer 0 Win Type - Total 0 Types 0/0/0/0/0/0/0/0/0 Lore% 3 Gallery% 13 Achievement% 10 Wizard Run 0 Options --------- Layout 1 ASCII 0 Keyboard 0 Movement Mouse Keybinds 0 Fullscreen 1 Font 24/Smallcaps Map View 50x35 Zoom Use 0% Tactical HUD 0 Map Filters NONE Filters NONE Steam 1 RUN: e9ad034b-dc14-4179-8470-0fff52790878